 Dungeon Crawl Stone Soup version 0.26.0-20-g3ca415f5b8 (webtiles) character file.

Game seed: 12493545271930950151

311 thiole the Sneak (level 6, 0/36 HPs)
             Began as an Octopode Hedge Wizard on Jan 24, 2021.
             Slain by an iguana (8 damage)
             ... on level 4 of the Dungeon.
             The game lasted 00:13:02 (5786 turns).

thiole the Sneak (Octopode Hedge Wizard)            Turns: 5786, Time: 00:13:02

Health: 0/36       AC:  7    Str:  9    XL:     6   Next: 42%
Magic:  7/12       EV: 13    Int: 23    God:
Gold:   171        SH:  0    Dex: 11    Spells: 5/13 levels left

rFire    . . .     SeeInvis .   q - +0 war axe "Xarydioc" {freeze, +Blink Int+4}
rCold    . . .     Faith    .   (no shield)
rNeg     . . .     Spirit   .   b - +2 hat
rPois    .         Reflect  .   (no amulet)
rElec    .         Harm     .   h - +4 ring of protection
rCorr    .         Rampage  .   t - ring of stealth
Will     .....                  (no ring)
Stlth    +++++.....             (no ring)
HPRegen  0.12/turn              (no ring)
MPRegen  0.13/turn              (no ring)
                                (no ring)
                                (no ring)

@: no status effects
A: almost no armour, stealthy swim, amphibious, 8 rings, constrict 8, camouflage
1, gelatinous body 1
a: Evoke Blink


You were on level 4 of the Dungeon.
You visited 1 branch of the dungeon, and saw 4 of its levels.
You also visited: Ossuary.

You collected 171 gold pieces.

Inventory:

Hand Weapons
 a - a +0 dagger
 q - the +0 war axe "Xarydioc" (weapon) {freeze, +Blink Int+4}
   (You found it on level 4 of the Dungeon)

   It has been specially enchanted to freeze those struck by it, causing extra
   injury to most foes and up to half again as much damage against particularly
   susceptible opponents.
   It can also slow down cold-blooded creatures.
   It affects your intelligence (+4).
   It lets you blink.
Armour
 b - a +2 hat (worn)
Jewellery
 h - a +4 ring of protection (left tentacle)
 t - a ring of stealth (right tentacle)
Scrolls
 c - a scroll of identify
 e - a scroll of enchant weapon {unknown}
 g - a scroll of blinking
 l - a scroll of fog
 m - a scroll of magic mapping {unknown}
 n - 2 scrolls of remove curse
 o - 2 scrolls of teleportation
 u - a scroll of amnesia {unknown}
Potions
 d - 3 potions of heal wounds
 f - a potion of resistance
 i - a potion of brilliance
 j - a potion of lignification
 k - a potion of curing
 p - a potion of invisibility
 s - a potion of flight {unknown}
 v - a potion of might


   Skills:
 - Level 2.0 Dodging
 + Level 5.8 Stealth
 + Level 4.4 Spellcasting
 + Level 2.6 Conjurations
 - Level 2.0 Summonings
 - Level 1.0 Translocations
 + Level 1.4 Air Magic


You had 5 spell levels left.
You knew the following spells:

 Your Spells              Type           Power        Failure   Level
a - Magic Dart            Conj           68%          3%          1
b - Call Imp              Summ           14%          7%          2
c - Blink                 Tloc           N/A          10%         2
d - Mephitic Cloud        Conj/Pois/Air  11%          17%         3

Your spell library contained the following spells:

 Spells                   Type           Power        Failure   Level
 Slow                     Hex            5%           16%         2
 Conjure Flame            Conj/Fire      11%          19%         3


Dungeon Overview and Level Annotations

Branches:
Dungeon (4/15)            Ossuary (visited)
 Temple: D:4-7

Altars:
Elyvilon

Annotations:
D:3 2 transporters, thiole's ghost, amateur OpWz


Innate Abilities, Weirdness & Mutations

You cannot wear most types of armour.
You are very stealthy in the water. (Stealth+)
You are amphibious.
You can wear up to eight rings at the same time.
You can use your tentacles to constrict eight enemies at once.
Your skin changes colour to match your surroundings (Stealth+).
Your rubbery body absorbs attacks. (AC +1, EV +1)


Message History

You kill the adder!
The iguana misses you.
You barely miss the iguana. Your grab misses the iguana. The iguana bites you.
Your crimson imp blinks!
Your shadow imp hits the iguana but does no damage.
Your shadow imp hits the iguana.
The iguana closely misses you.
You barely miss the iguana. You grab the iguana.
The iguana is moderately wounded.
You constrict the iguana, but do no damage.
The iguana bites you!
Your crimson imp hits the iguana.
Your shadow imp hits the iguana.
You completely miss the iguana.
You squeeze the iguana, but do no damage.
The iguana is heavily wounded.
You constrict the iguana. The iguana bites you!
* * * LOW HITPOINT WARNING * * *
Your crimson imp barely misses the iguana.
Your shadow imp hits the iguana but does no damage.
The iguana bites you!
You die...

##########
#........#
#........#.
#..........
#######........#
...>....5@.....#
.##.###[l5.....#
...............#
..#.#......#####
#.###..# ...
#..# #######..##
.........#
.#####.#.#####


You could see an iguana, a friendly crimson imp (summoned) and a friendly shadow
imp (summoned).

Vanquished Creatures
  2 human zombies (Ossuary)
  2 mummies (Ossuary)
  A gnoll (D:4)
  3 adders
  2 oozes (D:1)
  A worm (D:2)
  A dart slug (D:3)
  2 leopard geckos (D:1)
  An orc (D:3)
  4 giant cockroaches
  A gnoll zombie (Ossuary)
  7 goblins
  A hobgoblin (D:1)
  6 jackals
  6 kobolds
  A ball python (D:3)
  7 bats
  7 frilled lizards (D:1)
  3 goblin zombies (Ossuary)
  A kobold zombie (Ossuary)
  2 quokka zombies (D:4)
  10 rats
71 creatures vanquished.

Vanquished Creatures (collateral kills)
  A wraith (Ossuary)
  A gnoll shaman (D:4)
  A mummy (Ossuary)
  2 gnolls (D:4)
  An adder (D:3)
  3 frilled lizards (D:1)
  A goblin zombie (Ossuary)
  2 hobgoblin zombies (Ossuary)
12 creatures vanquished.

Vanquished Creatures (others)
  12 plants
12 creatures vanquished.

Grand Total: 95 creatures vanquished

Notes
Turn   | Place    | Note
-------+----------+-------------------------------------------
     0 | D:1      | thiole the Octopode Hedge Wizard began the quest for the
                  | Orb.
     0 | D:1      | Reached XP level 1. HP: 11/11 MP: 4/4
   330 | D:1      | Reached XP level 2. HP: 17/17 MP: 1/6
   651 | D:1      | Reached skill level 3 in Stealth
   654 | D:1      | Learned a level 2 spell: Call Imp
   657 | D:1      | Learned a level 2 spell: Blink
   836 | D:1      | Reached XP level 3. HP: 21/21 MP: 3/7
  2438 | D:2      | Reached XP level 4. HP: 27/27 MP: 0/9
  3013 | D:3      | Reached skill level 4 in Stealth
  3092 | D:3      | Identified the cursed +2 spear "Cazy" {venom, rF++ rN+ MP+9
                  | Int-2}
  3417 | D:3      | Found a transporter.
  3444 | D:3      | Noticed thiole's ghost (amateur OpWz)
  3998 | D:3      | Found a white marble altar of Elyvilon.
  4046 | D:3      | Found a transporter.
  4328 | D:4      | Reached XP level 5. HP: 31/31 MP: 6/10
  4366 | D:4      | Noticed an ogre
  4439 | D:4      | Noticed an ogre
  4510 | D:4      | Got a translucent war axe
  4520 | D:4      | Found a sand-covered staircase.
  4535 | Ossuary  | Entered an ossuary
  4535 | Ossuary  | Noticed a wraith
  4535 | Ossuary  | Noticed a wraith
  4535 | Ossuary  | Noticed a wraith
  4536 | Ossuary  | Identified the cursed +0 war axe "Xarydioc" {freeze, +Blink
                  | Int+4} (You found it on level 4 of the Dungeon)
  4837 | Ossuary  | Reached skill level 5 in Stealth
  4887 | Ossuary  | Learned a level 3 spell: Mephitic Cloud
  5358 | Ossuary  | Noticed a wraith
  5381 | Ossuary  | Killed a wraith
  5382 | Ossuary  | Reached skill level 1 in Air Magic
  5382 | Ossuary  | Reached XP level 6. HP: 15/36 MP: 3/12
  5786 | D:4      | Slain by an iguana

Illustrated notes

Levels and vault maps discovered:
D:1:      dpeg_arrival_rooms_with_view, layout_basic, serial_forest,
          infiniplex_forest_pool, infiniplex_forest_end_3,
          infiniplex_forest_straight_2, infiniplex_forest_clump_diagonal,
          minmay_lizard_king
D:2:      layout_basic
D:3:      layout_basic, gammafunk_ghost_gnarly_gnolls, dk_noncrumbling_4,
          elyvilon_altar_1
D:4:      minmay_general_purpose_star, layout_basic, enter_ossuary_4,
          grunt_ministairs_3

Skill      XL: |  1  2  3  4  5 |
---------------+----------------+-----
Stealth        | 3 4 5 |  5.8
Conjurations   | 2 |  2.6
Summonings     | 2 |  2.0
Spellcasting   | 4 |  4.4
Air Magic      | 1 |  1.4
Dodging        | |  2.0
Translocations | |  1.0

Action                   |  1- 3 |  4- 6 || total
-------------------------+-------+-------++-------
Melee: Dagger            |    41 |     6 ||    47
       Constrict         |     5 |    10 ||    15
       Tentacles         |     7 |     8 ||    15
       War axe           |       |    32 ||    32
 Cast: Magic Dart        |    74 |    78 ||   152
       Call Imp          |     1 |    25 ||    26
 Abil: Evoke Blink       |       |     1 ||     1
  Use: Scroll            |       |    14 ||    14
       Potion            |       |     6 ||     6
 Stab: Sleeping          |       |     4 ||     4
Armor: Skin              |     3 |     7 ||    10
Dodge: Dodged            |    32 |    26 ||    58
